Checkers vs Bears

Created - Monday, November 30, 2015 at 01:55

Goals
1 2 3 T
Checkers 5 2 3 10
Bears 1 0 0 1
Shots
1 2 3 T
Checkers 7 12 14 33
Bears 13 4 12 29

1st period

1. Checkers , Sean Backman 2 (Jim O'Brien) at 0:59
2. Checkers , Michael Latta 6 (Tomas Vincour, Drew MacIntyre) at 9:30 (PP)
3. Checkers , Willie Coetzee 2 (Peter Harrold, Petteri Lindbohm) at 9:58
4. Bears , Justin Florek 3 (Brett Sutter, Jeremy Langlois) at 12:27 (PP)
5. Checkers , Jason Chimera 10 (Michael Bournival) at 13:30
6. Checkers , Michael Latta 7 (Tomas Vincour, Andrew Gordon) at 16:15

Penalties :
Matt Pelech (Her) for Fighting (Major) at 0:53, Michael Latta (CHA) for Fighting (Major) at 0:53, Michael Sdao (CHA) for Interference (Minor) at 2:00, Andreas Athanasiou (Her) for Tripping (Minor) at 9:17, Michael Latta (CHA) for Tripping (Minor) at 12:19, Kevin Henderson (Her) for Fighting (Major) at 17:24, Blake Parlett (CHA) for Fighting (Major) at 17:24, Greg Miller (Her) for Fighting (Major) at 17:43, Michael Latta (CHA) for Fighting (Major) at 17:43

2nd period

7. Checkers , Michael Bournival 12 (Jason Chimera, Peter Harrold) at 4:10 (PP)
8. Checkers , Andrew Gordon 3 (Peter Harrold, Jason Chimera) at 4:16

Penalties :
Kevin Henderson (Her) for Fighting (Major) at 3:40, Michael Latta (CHA) for Fighting (Major / Game Misconduct) at 3:40, Justin Florek (Her) for Fighting (Major) at 3:43, Darian Dziurzynski (CHA) for Fighting (Major) at 3:43, Justin Florek (Her) for instigated a fight (Minor) at 3:43, Justin Florek (Her) for instigated a fight (10 Minutes Misconduct) at 3:43, Brad Mills (Her) for Hooking (Minor) at 5:30, Greg Miller (Her) for Fighting (Major) at 7:49, Benjamin Dieude-Fauvel (CHA) for Fighting (Major) at 7:49, Kevin Henderson (Her) for Fighting (Major / Game Misconduct) at 16:51, Darian Dziurzynski (CHA) for Fighting (Major) at 16:51, Matt Pelech (Her) for Fighting (Major) at 18:47, Blake Parlett (CHA) for Fighting (Major) at 18:47

3rd period

9. Checkers , Jason Chimera 11 (Andrew Gordon) at 1:25
10. Checkers , Jason Chimera 12 (Tomas Vincour) at 4:21
11. Checkers , Adam Cracknell 8 (Julien Brouillette) at 7:48 (PP)

Penalties :
Greg Miller (Her) for Fighting (Major / Game Misconduct) at 1:21, Brandon Mashinter (CHA) for Fighting (Major) at 1:21, Ludwig Bystrom (Her) for Fighting (Major) at 3:44, Benjamin Dieude-Fauvel (CHA) for Fighting (Major) at 3:44, Brad Mills (Her) for Hooking (Minor) at 6:20, Andreas Athanasiou (Her) for Fighting (Major) at 8:45, Brandon Mashinter (CHA) for Fighting (Major) at 8:45, Brad Mills (Her) for Boarding (Minor) at 8:48, Matt Pelech (Her) for Fighting (Major / Game Misconduct) at 11:02, Benjamin Dieude-Fauvel (CHA) for Fighting (Major / Game Misconduct) at 11:02, Brandon Burlon (Her) for Fighting (Major) at 14:55, Brandon Mashinter (CHA) for Fighting (Major / Game Misconduct) at 14:55, Brandon Burlon (Her) for instigated a fight (Minor) at 14:55, Brandon Burlon (Her) for instigated a fight (10 Minutes Misconduct) at 14:55

Goalie Stats

Drew MacIntyre (CHA), 28 saves from 29 shots - (0.966), W, 17-1-6, 60:00 minutes
FARM GOALIE1 (Her), 9 saves from 15 shots - (0.600), L, 0-11-0, 32:05 minutes
FARM GOALIE11 (Her), 14 saves from 18 shots - (0.778), 27:55 minutes

Players Stats for Checkers

Player Name              G  A  P  +/- PIM S  H  SB GA TA FO     MP     PP MP  PK MP  
------------------------------------------------------------------------------------
Adam Cracknell           1  0  1   1  0   2  3  0  1  1  1/1    16:28   4:28   0:00 
Andrew Gordon            1  2  3   4  0   3  2  0  0  0  0/1    17:42   5:20   0:00 
Benjamin Dieude-Fauvel   0  0  0   0  25  0  0  0  0  0  0/0     9:10   0:00   0:08 
Blake Parlett            0  0  0   2  10  2  2  0  0  0  0/0    18:45   4:25   0:00 
Brandon Mashinter        0  0  0   1  25  1  2  2  1  0  1/1    12:59   0:12   1:01 
Darian Dziurzynski       0  0  0   1  10  0  1  0  1  0  0/0    11:54   0:00   1:06 
Jason Chimera            3  2  5   4  0   3  2  1  2  2  5/7    19:12   4:19   0:00 
Jim O'Brien              0  1  1   1  0   1  1  1  0  1  5/9    17:43   0:12   1:01 
Julien Brouillette       0  1  1   3  0   2  0  0  2  2  0/0    22:36   4:25   0:00 
Michael Bournival        1  1  2   1  0   1  1  0  5  0  1/12   17:34   4:11   0:00 
Michael Latta            2  0  2   1  27  2  0  1  1  0  1/3     3:29   0:13   0:00 
Michael Sdao             0  0  0   1  2   1  3  0  0  4  0/0    17:58   0:00   0:08 
Peter Harrold            0  3  3   4  0   5  0  2  0  3  0/0    27:38   3:40   1:59 
Petteri Lindbohm         0  1  1   4  0   2  1  2  1  0  0/0    24:30   3:40   1:59 
Sean Backman             1  0  1   1  0   3  0  1  0  0  0/1    15:36   0:00   0:00 
Tomas Vincour            0  3  3   4  0   0  2  1  2  0  0/1    17:42   5:20   0:00 
Wacey Hamilton           0  0  0   1  0   2  3  0  0  0  4/12   13:54   0:00   1:06 
Willie Coetzee           1  0  1   1  0   3  0  0  2  0  0/0    12:48   0:00   0:00 

Players Stats for Bears

Player Name              G  A  P  +/- PIM S  H  SB GA TA FO     MP     PP MP  PK MP  
------------------------------------------------------------------------------------
Andreas Athanasiou       0  0  0   0  7   3  0  0  0  0  1/2    14:26   0:00   1:41 
Ben Youds                0  0  0  -1  0   2  0  1  1  0  0/0    20:16   0:58   3:36 
Brad Mills               0  0  0  -1  6   4  2  0  2  0  1/1    16:46   0:00   0:00 
Brandon Burlon           0  0  0  -5  17  1  0  6  3  0  0/0    24:00   1:09   3:33 
Brett Sutter             0  1  1  -3  0   3  0  0  3  0  10/16  23:14   1:10   6:12 
Chris Bruton             0  0  0  -2  0   0  1  0  0  0  1/3    15:44   0:37   0:00 
David Dziurzynski        0  0  0  -3  0   5  6  0  9  0  1/1    19:33   0:57   1:33 
Greg Miller              0  0  0  -1  25  0  1  0  1  0  4/7     6:00   0:00   0:00 
Jeremy Langlois          0  1  1  -3  0   3  1  0  3  2  0/0    15:27   1:10   0:58 
Jesse Root               0  0  0   0  0   0  0  1  0  0  2/3     6:49   0:00   0:00 
Justin Florek            1  0  1  -2  17  4  3  0  1  0  6/8    17:31   1:10   4:41 
Kevin Henderson          0  0  0  -1  25  0  0  0  0  0  0/0     6:58   0:20   0:00 
Kyle Cumiskey            0  0  0  -5  0   0  0  5  1  0  0/0    26:46   1:09   4:29 
Ludwig Bystrom           0  0  0  -1  5   0  1  2  0  2  0/0    13:18   0:00   0:56 
Matt Pelech              0  0  0  -2  25  1  0  0  0  0  0/0    10:24   0:00   0:00 
Maxim Noreau             0  0  0  -1  0   0  2  3  0  3  0/0    21:06   0:58   3:36 
Steve Oleksy             0  0  0  -1  0   1  2  1  0  0  0/0    14:31   0:00   0:00 
Tyler Brown              0  0  0  -3  0   2  0  0  2  0  4/7    18:54   0:57   1:11 

3 Stars

1 - Jason Chimera (CHA)
2 - Andrew Gordon (CHA)
3 - Tomas Vincour (CHA)

Power Play

Checkers - 3 on 7 Attempt(s) - 42.86%
Bears - 1 on 2 Attempt(s) - 50.00%

Penalty Kill

Checkers - 1 on 2 Attempt(s) - 50.00% - Score 0 goal in Penalty Kill
Bears - 4 on 7 Attempt(s) - 57.14% - Score 0 goal in Penalty Kill

Team Stat

Checkers - Hits : 23 - Faceoff Wins : 18 - Blocked Shots : 11 - Penalty Minutes : 99
Bears - Hits : 19 - Faceoff Wins : 30 - Blocked Shots : 19 - Penalty Minutes : 127

Official

Referees : Unknown
Linesman : Unknown

Game Notes

Matt Pelech and Michael Latta fight to a draw at 0:53 of 1st period
FARM GOALIE11 enters game at 13:30 of 1st period
Kevin Henderson and Blake Parlett fight to a draw at 17:24 of 1st period
17:38 of 1st period - Penalty Shot by Justin Florek for Bears - Shot Misses the Net
Michael Latta beats up Greg Miller at 17:43 of 1st period
Kevin Henderson and Michael Latta fight to a draw at 3:40 of 2nd period
Michael Latta ejected from game at 3:40 of 2nd period
Michael Latta from Checkers is suspended for 1 game(s)
Justin Florek beats up Darian Dziurzynski at 3:43 of 2nd period
Greg Miller and Benjamin Dieude-Fauvel fight to a draw at 7:49 of 2nd period
Darian Dziurzynski beats up Kevin Henderson at 16:51 of 2nd period
Kevin Henderson ejected from game at 16:51 of 2nd period
Blake Parlett beats up Matt Pelech at 18:47 of 2nd period
Brandon Mashinter beats up Greg Miller at 1:21 of 3rd period
Greg Miller ejected from game at 1:21 of 3rd period
Greg Miller from Bears is suspended for 1 game(s)
FARM GOALIE1 enters game at 1:25 of 3rd period
Ludwig Bystrom beats up Benjamin Dieude-Fauvel at 3:44 of 3rd period
Jason Chimera has scored a Hat Trick!
Andreas Athanasiou beats up Brandon Mashinter at 8:45 of 3rd period
Matt Pelech beats up Benjamin Dieude-Fauvel at 11:02 of 3rd period
Matt Pelech ejected from game at 11:02 of 3rd period
Benjamin Dieude-Fauvel ejected from game at 11:02 of 3rd period
Benjamin Dieude-Fauvel from Checkers is suspended for 2 game(s)
Brandon Mashinter beats up Brandon Burlon at 14:55 of 3rd period
Brandon Mashinter ejected from game at 14:55 of 3rd period

Finance

Level 1 -- Attendance: 1480 (74.00%) -- Ticket Income $51,800
Level 2 -- Attendance: 708 (70.80%) -- Ticket Income $10,620
Total Attendance: 2188 (72.93%)
Total Ticket Income: $62,420
Other Income: $30,586
Total Income: $93,006

Checkers

5 vs 5 Forward 
   Center                   Left Wing                Right Wing               Time % Phy DF OF 
 1 Michael Bournival        Jason Chimera            Adam Cracknell           28     1   2  2  
 2 Michael Latta            Tomas Vincour            Andrew Gordon            27     1   2  2  
 3 Jim O'Brien              Brandon Mashinter        Sean Backman             25     1   2  2  
 4 Wacey Hamilton           Darian Dziurzynski       Willie Coetzee           20     1   2  2  

5 vs 5 Defense 
   Defense                  Defense                                           Time % Phy DF OF 
 1 Peter Harrold            Petteri Lindbohm                                  35     1   2  2  
 2 Blake Parlett            Julien Brouillette                                35     1   2  2  
 3 Benjamin Dieude-Fauvel   Michael Sdao                                      30     1   2  2  
 4 Peter Harrold            Petteri Lindbohm                                  0      1   2  2  

PowerPlay Forward 
   Center                   Left Wing                Right Wing               Time % Phy DF OF 
 1 Michael Bournival        Jason Chimera            Adam Cracknell           50     0   1  4  
 2 Michael Latta            Tomas Vincour            Andrew Gordon            50     0   1  4  

PowerPlay Defense
   Defense                  Defense                                           Time % Phy DF OF 
 1 Peter Harrold            Petteri Lindbohm                                  50     0   1  4  
 2 Blake Parlett            Julien Brouillette                                50     0   1  4  

Penalty Kill 4 Players Forward 
   Center                   Wing                     Time % Phy DF OF 
 1 Wacey Hamilton           Darian Dziurzynski       50     0   4  1  
 2 Jim O'Brien              Brandon Mashinter        50     0   4  1  

Penalty Kill 4 Players Defense
   Defense                  Defense                  Time % Phy DF OF 
 1 Benjamin Dieude-Fauvel   Michael Sdao             50     0   4  1  
 2 Peter Harrold            Petteri Lindbohm         50     0   4  1  

Penalty Kill - 3 Players Forward 
   Forward                                           Time % Phy DF OF 
 1 Wacey Hamilton                                    50     0   5  0  
 2 Jim O'Brien                                       50     0   5  0  

Penalty Kill - 3 Players Defense
   Defense                  Defense                  Time % Phy DF OF 
 1 Benjamin Dieude-Fauvel   Michael Sdao             50     0   5  0  
 2 Peter Harrold            Petteri Lindbohm         50     0   5  0  

4 vs 4 Forward 
   Center                   Wing                     Time % Phy DF OF 
 1 Michael Bournival        Jason Chimera            50     1   2  2  
 2 Michael Latta            Tomas Vincour            50     1   2  2  

4 vs 4 Defense
   Defense                  Defense                  Time % Phy DF OF 
 1 Peter Harrold            Petteri Lindbohm         50     1   2  2  
 2 Blake Parlett            Julien Brouillette       50     1   2  2  

Last Minutes Offensive
   Center                   Left Wing                Right Wing               Defense                  Defense                  
   Michael Bournival        Jason Chimera            Adam Cracknell           Peter Harrold            Petteri Lindbohm         

Last Minutes Defensive
   Center                   Left Wing                Right Wing               Defense                  Defense                  
   Michael Latta            Jason Chimera            Adam Cracknell           Peter Harrold            Petteri Lindbohm         

Goaltenders
Starting : Drew MacIntyre           
Backup : John Muse                

Extra Forwards
Normal : Jason Chimera, Michael Bournival, Michael Latta - PP : Jason Chimera, Michael Bournival - PK : Michael Latta
Extra Defensemen
Normal : Peter Harrold, Petteri Lindbohm, Blake Parlett - PP : Peter Harrold - PK : Peter Harrold, Blake Parlett
Penalty Shots
Jim O'Brien, Sean Backman, Andrew Gordon, Brandon Mashinter, Darian Dziurzynski

Bears

5 vs 5 Forward 
   Center                   Left Wing                Right Wing               Time % Phy DF OF 
 1 Brett Sutter             Justin Florek            Jeremy Langlois          35     1   2  2  
 2 Tyler Brown              David Dziurzynski        Matt Pelech              30     1   2  2  
 3 Greg Miller              Kevin Henderson          Brad Mills               22     1   2  2  
 4 Jesse Root               Andreas Athanasiou       Justin Florek            13     1   2  2  

5 vs 5 Defense 
   Defense                  Defense                                           Time % Phy DF OF 
 1 Brandon Burlon           Kyle Cumiskey                                     35     1   2  2  
 2 Maxim Noreau             Ben Youds                                         30     1   2  2  
 3 Steve Oleksy             Ludwig Bystrom                                    22     1   2  2  
 4 Brandon Burlon           Kyle Cumiskey                                     13     1   2  2  

PowerPlay Forward 
   Center                   Left Wing                Right Wing               Time % Phy DF OF 
 1 Brett Sutter             Justin Florek            Jeremy Langlois          60     1   2  2  
 2 Tyler Brown              David Dziurzynski        Matt Pelech              40     1   2  2  

PowerPlay Defense
   Defense                  Defense                                           Time % Phy DF OF 
 1 Brandon Burlon           Kyle Cumiskey                                     60     1   2  2  
 2 Maxim Noreau             Ben Youds                                         40     1   2  2  

Penalty Kill 4 Players Forward 
   Center                   Wing                     Time % Phy DF OF 
 1 Justin Florek            Brett Sutter             60     1   2  2  
 2 Jeremy Langlois          David Dziurzynski        40     1   2  2  

Penalty Kill 4 Players Defense
   Defense                  Defense                  Time % Phy DF OF 
 1 Brandon Burlon           Kyle Cumiskey            60     1   2  2  
 2 Maxim Noreau             Ben Youds                40     1   2  2  

Penalty Kill - 3 Players Forward 
   Forward                                           Time % Phy DF OF 
 1 Justin Florek                                     60     1   2  2  
 2 Brett Sutter                                      40     1   2  2  

Penalty Kill - 3 Players Defense
   Defense                  Defense                  Time % Phy DF OF 
 1 Brandon Burlon           Kyle Cumiskey            60     1   2  2  
 2 Maxim Noreau             Ben Youds                40     1   2  2  

4 vs 4 Forward 
   Center                   Wing                     Time % Phy DF OF 
 1 Justin Florek            Brett Sutter             60     1   2  2  
 2 Jeremy Langlois          David Dziurzynski        40     1   2  2  

4 vs 4 Defense
   Defense                  Defense                  Time % Phy DF OF 
 1 Brandon Burlon           Kyle Cumiskey            60     1   2  2  
 2 Maxim Noreau             Ben Youds                40     1   2  2  

Last Minutes Offensive
   Center                   Left Wing                Right Wing               Defense                  Defense                  
   Brett Sutter             Justin Florek            Jeremy Langlois          Brandon Burlon           Kyle Cumiskey            

Last Minutes Defensive
   Center                   Left Wing                Right Wing               Defense                  Defense                  
   Brett Sutter             Justin Florek            Jeremy Langlois          Brandon Burlon           Kyle Cumiskey            

Goaltenders
Starting : FARM GOALIE1             
Backup : FARM GOALIE11            

Extra Forwards
Normal : Chris Bruton, Kevin Henderson, Andreas Athanasiou - PP : Chris Bruton, Kevin Henderson - PK : Andreas Athanasiou
Extra Defensemen
Normal : Steve Oleksy, Ludwig Bystrom, Maxim Noreau - PP : Steve Oleksy - PK : Ludwig Bystrom, Maxim Noreau
Penalty Shots
Justin Florek, Brett Sutter, Jeremy Langlois, David Dziurzynski, Kevin Henderson

% Time on Ice - Checkers

Lines # - Real PCT - Wanted PCT - Time Play
Normal Forward
1 - 16% - 28% - 8:08
2 - 27% - 27% - 13:16
3 - 31% - 25% - 15:36
4 - 26% - 20% - 12:48
Normal Defense
1 - 28% - 35% - 13:46
2 - 38% - 35% - 18:54
3 - 34% - 30% - 17:08
4 - 0% - 0% - 0:00
PP Forward
1 - 32% - 50% - 2:33
2 - 68% - 50% - 5:32
PP Defense
1 - 45% - 50% - 3:40
2 - 55% - 50% - 4:25
PK Forward
1 - 52% - 50% - 1:06
2 - 48% - 50% - 1:01
PK Defense
1 - 6% - 50% - 0:08
2 - 94% - 50% - 1:59
PK3 Forward
1 - 0% - 50%
2 - 0% - 50%
PK3 Defense
1 - 0% - 50%
2 - 0% - 50%
44 Forward
1 - 0% - 50%
2 - 0% - 50%
44 Defense
1 - 0% - 50%
2 - 0% - 50%
Last Minute Offensive  - 0:00
Last Minute Defensive  - 0:00
Total
Forward - 60:00
Defense - 60:00

% Time on Ice - Bears

Lines # - Real PCT - Wanted PCT - Time Play
Normal Forward
1 - 25% - 35% - 12:21
2 - 30% - 30% - 14:49
3 - 32% - 22% - 15:49
4 - 14% - 13% - 6:49
Normal Defense
1 - 33% - 35% - 16:19
2 - 32% - 30% - 15:42
3 - 27% - 22% - 13:20
4 - 9% - 13% - 4:27
PP Forward
1 - 55% - 60% - 1:10
2 - 45% - 40% - 0:57
PP Defense
1 - 54% - 60% - 1:09
2 - 46% - 40% - 0:58
PK Forward
1 - 88% - 60% - 7:07
2 - 12% - 40% - 0:58
PK Defense
1 - 55% - 60% - 4:29
2 - 45% - 40% - 3:36
PK3 Forward
1 - 0% - 60%
2 - 0% - 40%
PK3 Defense
1 - 0% - 60%
2 - 0% - 40%
44 Forward
1 - 0% - 60%
2 - 0% - 40%
44 Defense
1 - 0% - 60%
2 - 0% - 40%
Last Minute Offensive  - 0:00
Last Minute Defensive  - 0:00
Total
Forward - 60:00
Defense - 60:00

Play by Play

1st period


0:01 of 1st period - Brett Sutter wins face-off versus Michael Bournival in neutral zone.
0:27 of 1st period - Slapshot by Justin Florek.
0:27 of 1st period - Shot Blocked by Jason Chimera.
0:33 of 1st period - Justin Florek is hit by Adam Cracknell and loses puck.
0:53 of 1st period - Matt Pelech and Michael Latta fight to a draw.
0:53 of 1st period - Penalty to Matt Pelech for Fighting.
0:53 of 1st period - Penalty to Michael Latta for Fighting.
0:54 of 1st period - Jim O'Brien wins face-off versus Greg Miller in neutral zone.
0:59 of 1st period - Slapshot by Sean Backman.
0:59 of 1st period - Goal by Sean Backman - Checkers : 1 - Bears : 0.
1:00 of 1st period - Wacey Hamilton wins face-off versus Tyler Brown in neutral zone.
2:00 of 1st period - Minor Penalty to Michael Sdao for Interference.
2:01 of 1st period - Jim O'Brien wins face-off versus Brett Sutter in Checkers zone.
3:00 of 1st period - Kyle Cumiskey is hit by Petteri Lindbohm and loses puck.
3:09 of 1st period - David Dziurzynski is hit by Brandon Mashinter and loses puck.
4:00 of 1st period - Penalty to Michael Sdao is over, Michael Sdao is back on ice.
4:15 of 1st period - Snap shot by Brad Mills.
4:15 of 1st period - Stopped by Drew MacIntyre with a rebound.
4:17 of 1st period - Slapshot by Greg Miller.
4:17 of 1st period - Deflect By Brad Mills.
4:17 of 1st period - Stopped by Drew MacIntyre with a rebound.
4:21 of 1st period - Slapshot by Kevin Henderson.
4:21 of 1st period - Shot Misses the Net.
6:11 of 1st period - Slapshot by Jeremy Langlois.
6:11 of 1st period - Stopped by Drew MacIntyre without a rebound.
6:12 of 1st period - Brett Sutter wins face-off versus Michael Latta in Checkers zone.
6:58 of 1st period - Tyler Brown is hit by Blake Parlett and loses puck.
9:04 of 1st period - Icing by Ludwig Bystrom.
9:05 of 1st period - Wacey Hamilton wins face-off versus Jesse Root in Bears zone.
9:17 of 1st period - Minor Penalty to Andreas Athanasiou for Tripping.
9:18 of 1st period - Justin Florek wins face-off versus Michael Latta in Bears zone.
9:30 of 1st period - Snap shot by Michael Latta.
9:30 of 1st period - Goal by Michael Latta - Checkers : 2 - Bears : 0.
9:31 of 1st period - Tyler Brown wins face-off versus Wacey Hamilton in neutral zone.
9:39 of 1st period - Peter Harrold is hit by David Dziurzynski and loses puck.
9:58 of 1st period - Snap shot by Willie Coetzee.
9:58 of 1st period - Goal by Willie Coetzee - Checkers : 3 - Bears : 0.
9:59 of 1st period - Brandon Mashinter wins face-off versus Greg Miller in neutral zone.
10:01 of 1st period - Off-side.
10:02 of 1st period - Greg Miller wins face-off versus Jim O'Brien in neutral zone.
11:16 of 1st period - Justin Florek is hit by Jason Chimera and loses puck.
11:31 of 1st period - Michael Latta is hit by Justin Florek and loses puck.
11:42 of 1st period - Michael Latta is hit by David Dziurzynski and loses puck.
11:49 of 1st period - Snap shot by David Dziurzynski.
11:49 of 1st period - Stopped by Drew MacIntyre with a rebound.
12:03 of 1st period - Wrist shot by Tyler Brown.
12:03 of 1st period - Shot Blocked by Petteri Lindbohm.
12:05 of 1st period - Backhand shot by Ludwig Bystrom.
12:05 of 1st period - Shot Blocked by Peter Harrold.
12:07 of 1st period - Slapshot by Steve Oleksy.
12:07 of 1st period - Shot Misses the Net.
12:09 of 1st period - Snap shot by Tyler Brown.
12:09 of 1st period - Stopped by Drew MacIntyre with a rebound.
12:11 of 1st period - Snap shot by David Dziurzynski.
12:11 of 1st period - Shot Blocked by Michael Latta.
12:13 of 1st period - Slapshot by David Dziurzynski.
12:13 of 1st period - Stopped by Drew MacIntyre with a rebound.
12:19 of 1st period - Minor Penalty to Michael Latta for Tripping.
12:20 of 1st period - Brett Sutter wins face-off versus Wacey Hamilton in Checkers zone.
12:25 of 1st period - Wrist shot by Brett Sutter.
12:25 of 1st period - Shot Misses the Net.
12:27 of 1st period - Wrist shot by Justin Florek.
12:27 of 1st period - Goal by Justin Florek - Checkers : 3 - Bears : 1.
12:28 of 1st period - David Dziurzynski wins face-off versus Jim O'Brien in neutral zone.
12:35 of 1st period - Slapshot by Brandon Burlon.
12:35 of 1st period - Shot Misses the Net.
12:55 of 1st period - Brandon Burlon is hit by Michael Sdao and loses puck.
13:04 of 1st period - Wrist shot by Sean Backman.
13:04 of 1st period - Shot Misses the Net.
13:30 of 1st period - Snap shot by Jason Chimera.
13:30 of 1st period - Goal by Jason Chimera - Checkers : 4 - Bears : 1.
13:30 of 1st period - FARM GOALIE11 enters game.
13:31 of 1st period - Brett Sutter wins face-off versus Wacey Hamilton in neutral zone.
13:46 of 1st period - Wrist shot by Peter Harrold.
13:46 of 1st period - Stopped by FARM GOALIE11 with a rebound.
14:41 of 1st period - Jim O'Brien is hit by Greg Miller and loses puck.
15:47 of 1st period - Snap shot by Michael Latta.
15:47 of 1st period - Shot Blocked by Brandon Burlon.
15:49 of 1st period - Slapshot by Blake Parlett.
15:49 of 1st period - Shot Blocked by Brandon Burlon.
15:51 of 1st period - Snap shot by Blake Parlett.
15:51 of 1st period - Stopped by FARM GOALIE11 with a rebound.
15:53 of 1st period - Slapshot by Michael Latta.
15:53 of 1st period - Shot Misses the Net.
16:11 of 1st period - Wrist shot by Michael Latta.
16:11 of 1st period - Shot Blocked by Kyle Cumiskey.
16:13 of 1st period - Slapshot by Michael Latta.
16:13 of 1st period - Shot Blocked by Kyle Cumiskey.
16:15 of 1st period - Snap shot by Michael Latta.
16:15 of 1st period - Goal by Michael Latta - Checkers : 5 - Bears : 1.
16:16 of 1st period - Jim O'Brien wins face-off versus Brett Sutter in neutral zone.
16:45 of 1st period - Snap shot by Jeremy Langlois.
16:45 of 1st period - Shot Blocked by Jim O'Brien.
16:47 of 1st period - Snap shot by Brett Sutter.
16:47 of 1st period - Shot Misses the Net.
16:49 of 1st period - Snap shot by Justin Florek.
16:49 of 1st period - Stopped by Drew MacIntyre with a rebound.
16:51 of 1st period - Snap shot by Ludwig Bystrom.
16:51 of 1st period - Shot Misses the Net.
16:53 of 1st period - Wrist shot by Justin Florek.
16:53 of 1st period - Shot Blocked by Brandon Mashinter.
17:24 of 1st period - Kevin Henderson and Blake Parlett fight to a draw.
17:24 of 1st period - Penalty to Kevin Henderson for Fighting.
17:24 of 1st period - Penalty to Blake Parlett for Fighting.
17:25 of 1st period - Jesse Root wins face-off versus Michael Bournival in Bears zone.
17:25 of 1st period - Jesse Root is hit by Michael Sdao.
17:38 of 1st period - Penalty Shot by Justin Florek for Bears.
17:38 of 1st period - Snap shot by Justin Florek.
17:38 of 1st period - Shot Misses the Net.
17:39 of 1st period - Michael Latta wins face-off versus Greg Miller in Bears zone.
17:43 of 1st period - Michael Latta beats up Greg Miller.
17:43 of 1st period - Penalty to Greg Miller for Fighting.
17:43 of 1st period - Penalty to Michael Latta for Fighting.
17:44 of 1st period - Brett Sutter wins face-off versus Jason Chimera in Bears zone.
18:00 of 1st period - Snap shot by Brett Sutter.
18:00 of 1st period - Stopped by Drew MacIntyre with a rebound.
18:02 of 1st period - Snap shot by Brandon Burlon.
18:02 of 1st period - Stopped by Drew MacIntyre with a rebound.
18:04 of 1st period - Slapshot by Justin Florek.
18:04 of 1st period - Shot Blocked by Peter Harrold.
18:06 of 1st period - Wrist shot by Jeremy Langlois.
18:06 of 1st period - Shot Misses the Net.
18:08 of 1st period - Slapshot by Justin Florek.
18:08 of 1st period - Stopped by Drew MacIntyre with a rebound.
18:10 of 1st period - Wrist shot by Justin Florek.
18:10 of 1st period - Stopped by Drew MacIntyre with a rebound.
18:12 of 1st period - Snap shot by Brett Sutter.
18:12 of 1st period - Stopped by Drew MacIntyre with a rebound.
18:36 of 1st period - Peter Harrold is hit by David Dziurzynski and loses puck.
18:43 of 1st period - Matt Pelech is hit by Wacey Hamilton and loses puck.
Goals for this period are 5 for Checkers vs 1 for Bears.
Shots for this period are 7 for Checkers vs 13 for Bears.

2nd period


0:01 of 2nd period - Brett Sutter wins face-off versus Michael Bournival in neutral zone.
0:54 of 2nd period - Icing by Justin Florek.
0:55 of 2nd period - Brett Sutter wins face-off versus Tomas Vincour in Bears zone.
1:20 of 2nd period - Adam Cracknell is hit by David Dziurzynski and loses puck.
1:57 of 2nd period - Brad Mills is hit by Wacey Hamilton and loses puck.
2:04 of 2nd period - Benjamin Dieude-Fauvel is hit by Brad Mills and loses puck.
2:33 of 2nd period - Snap shot by David Dziurzynski.
2:33 of 2nd period - Stopped by Drew MacIntyre with a rebound.
2:35 of 2nd period - Slapshot by Ben Youds.
2:35 of 2nd period - Deflect By Brad Mills.
2:35 of 2nd period - Shot Blocked by Brandon Mashinter.
2:35 of 2nd period - Puck is out of play.
2:36 of 2nd period - Brad Mills wins face-off versus Jim O'Brien in Checkers zone.
2:51 of 2nd period - Jesse Root is hit by Brandon Mashinter and loses puck.
3:40 of 2nd period - Kevin Henderson and Michael Latta fight to a draw.
3:40 of 2nd period - Penalty to Kevin Henderson for Fighting.
3:40 of 2nd period - Penalty to Michael Latta for Fighting.
3:40 of 2nd period - Michael Latta is ejected from game.
3:41 of 2nd period - Justin Florek wins face-off versus Wacey Hamilton in neutral zone.
3:43 of 2nd period - Justin Florek beats up Darian Dziurzynski.
3:43 of 2nd period - Penalty to Justin Florek for Fighting.
3:43 of 2nd period - Penalty to Darian Dziurzynski for Fighting.
3:43 of 2nd period - Penalty to Justin Florek for instigated a fight.
3:43 of 2nd period - Penalty to Justin Florek for instigated a fight.
3:44 of 2nd period - Michael Bournival wins face-off versus Andreas Athanasiou in Checkers zone.
3:49 of 2nd period - Brandon Burlon is hit by Adam Cracknell and loses puck.
4:10 of 2nd period - Slapshot by Michael Bournival.
4:10 of 2nd period - Goal by Michael Bournival - Checkers : 6 - Bears : 1.
4:11 of 2nd period - Jason Chimera wins face-off versus Brett Sutter in neutral zone.
4:14 of 2nd period - Slapshot by Peter Harrold.
4:14 of 2nd period - Shot Blocked by Brandon Burlon.
4:16 of 2nd period - Wrist shot by Andrew Gordon.
4:16 of 2nd period - Goal by Andrew Gordon - Checkers : 7 - Bears : 1.
4:17 of 2nd period - Brett Sutter wins face-off versus Michael Bournival in neutral zone.
4:52 of 2nd period - Snap shot by Brett Sutter.
4:52 of 2nd period - Shot Misses the Net.
5:21 of 2nd period - Snap shot by Jim O'Brien.
5:21 of 2nd period - Shot Misses the Net.
5:23 of 2nd period - Wrist shot by Sean Backman.
5:23 of 2nd period - Shot Blocked by Kyle Cumiskey.
5:30 of 2nd period - Minor Penalty to Brad Mills for Hooking.
5:31 of 2nd period - Andreas Athanasiou wins face-off versus Andrew Gordon in Bears zone.
5:31 of 2nd period - Andreas Athanasiou is hit by Andrew Gordon.
7:30 of 2nd period - Penalty to Brad Mills is over, Brad Mills is back on ice.
7:47 of 2nd period - Greg Miller is hit by Blake Parlett and loses puck.
7:49 of 2nd period - Greg Miller and Benjamin Dieude-Fauvel fight to a draw.
7:49 of 2nd period - Penalty to Greg Miller for Fighting.
7:49 of 2nd period - Penalty to Benjamin Dieude-Fauvel for Fighting.
7:50 of 2nd period - Wacey Hamilton wins face-off versus Chris Bruton in Bears zone.
8:07 of 2nd period - Snap shot by Jason Chimera.
8:07 of 2nd period - Shot Misses the Net.
8:09 of 2nd period - Slapshot by Peter Harrold.
8:09 of 2nd period - Stopped by FARM GOALIE11 with a rebound.
8:11 of 2nd period - Wrist shot by Jason Chimera.
8:11 of 2nd period - Shot Misses the Net.
8:13 of 2nd period - Slapshot by Peter Harrold.
8:13 of 2nd period - Stopped by FARM GOALIE11 with a rebound.
8:15 of 2nd period - Slapshot by Wacey Hamilton.
8:15 of 2nd period - Deflect By Kyle Cumiskey.
8:15 of 2nd period - Stopped by FARM GOALIE11 with a rebound.
8:17 of 2nd period - Slapshot by Peter Harrold.
8:17 of 2nd period - Shot Blocked by Brandon Burlon.
8:41 of 2nd period - Snap shot by Sean Backman.
8:41 of 2nd period - Shot Misses the Net.
8:43 of 2nd period - Snap shot by Michael Sdao.
8:43 of 2nd period - Deflect By Brandon Burlon.
8:43 of 2nd period - Stopped by FARM GOALIE11 with a rebound.
8:45 of 2nd period - Slapshot by Peter Harrold.
8:45 of 2nd period - Shot Blocked by Kyle Cumiskey.
8:53 of 2nd period - Snap shot by Brandon Mashinter.
8:53 of 2nd period - Stopped by FARM GOALIE11 with a rebound.
8:55 of 2nd period - Slapshot by Peter Harrold.
8:55 of 2nd period - Shot Blocked by Brandon Burlon.
9:15 of 2nd period - Steve Oleksy is hit by Wacey Hamilton and loses puck.
9:22 of 2nd period - Wrist shot by Wacey Hamilton.
9:22 of 2nd period - Stopped by FARM GOALIE11 with a rebound.
9:24 of 2nd period - Backhand shot by Julien Brouillette.
9:24 of 2nd period - Stopped by FARM GOALIE11 with a rebound.
10:19 of 2nd period - Brandon Mashinter is hit by Ludwig Bystrom and loses puck.
10:32 of 2nd period - Slapshot by Brett Sutter.
10:32 of 2nd period - Shot Blocked by Petteri Lindbohm.
10:48 of 2nd period - Willie Coetzee is hit by Maxim Noreau and loses puck.
11:12 of 2nd period - Tyler Brown is hit by Michael Bournival and loses puck.
11:44 of 2nd period - Snap shot by Jeremy Langlois.
11:44 of 2nd period - Shot Misses the Net.
11:46 of 2nd period - Snap shot by Kevin Henderson.
11:46 of 2nd period - Shot Blocked by Tomas Vincour.
11:48 of 2nd period - Snap shot by Brett Sutter.
11:48 of 2nd period - Stopped by Drew MacIntyre with a rebound.
12:06 of 2nd period - Petteri Lindbohm is hit by Brad Mills and loses puck.
12:43 of 2nd period - Snap shot by Andreas Athanasiou.
12:43 of 2nd period - Stopped by Drew MacIntyre with a rebound.
12:45 of 2nd period - Slapshot by Ben Youds.
12:45 of 2nd period - Stopped by Drew MacIntyre without a rebound.
12:46 of 2nd period - Jesse Root wins face-off versus Michael Bournival in Checkers zone.
13:21 of 2nd period - Slapshot by Willie Coetzee.
13:21 of 2nd period - Shot Misses the Net.
13:23 of 2nd period - Wrist shot by Blake Parlett.
13:23 of 2nd period - Stopped by FARM GOALIE11 with a rebound.
13:25 of 2nd period - Wrist shot by Wacey Hamilton.
13:25 of 2nd period - Shot Misses the Net.
14:49 of 2nd period - Snap shot by Wacey Hamilton.
14:49 of 2nd period - Shot Blocked by Kyle Cumiskey.
16:00 of 2nd period - Slapshot by Adam Cracknell.
16:00 of 2nd period - Shot Blocked by Ludwig Bystrom.
16:02 of 2nd period - Snap shot by Tomas Vincour.
16:02 of 2nd period - Deflect By Adam Cracknell.
16:02 of 2nd period - Shot Blocked by Ludwig Bystrom.
16:02 of 2nd period - Puck is out of play.
16:03 of 2nd period - Adam Cracknell wins face-off versus Tyler Brown in Bears zone.
16:51 of 2nd period - Darian Dziurzynski beats up Kevin Henderson.
16:51 of 2nd period - Penalty to Kevin Henderson for Fighting.
16:51 of 2nd period - Kevin Henderson is ejected from game.
16:51 of 2nd period - Penalty to Darian Dziurzynski for Fighting.
16:52 of 2nd period - Greg Miller wins face-off versus Wacey Hamilton in neutral zone.
17:36 of 2nd period - Brandon Mashinter is hit by Chris Bruton and loses puck.
18:04 of 2nd period - Snap shot by Sean Backman.
18:04 of 2nd period - Stopped by FARM GOALIE11 with a rebound.
18:06 of 2nd period - Wrist shot by Jim O'Brien.
18:06 of 2nd period - Shot Blocked by Steve Oleksy.
18:43 of 2nd period - 10 Minutes Misconduct Penalty to Justin Florek is over.
18:47 of 2nd period - Blake Parlett beats up Matt Pelech.
18:47 of 2nd period - Penalty to Matt Pelech for Fighting.
18:47 of 2nd period - Penalty to Blake Parlett for Fighting.
18:48 of 2nd period - Greg Miller wins face-off versus Wacey Hamilton in Bears zone.
19:36 of 2nd period - Justin Florek is hit by Jim O'Brien and loses puck.
19:41 of 2nd period - Snap shot by Jim O'Brien.
19:41 of 2nd period - Shot Misses the Net.
19:43 of 2nd period - Slapshot by Julien Brouillette.
19:43 of 2nd period - Deflect By Justin Florek.
19:43 of 2nd period - Stopped by FARM GOALIE11 with a rebound.
Goals for this period are 2 for Checkers vs 0 for Bears.
Shots for this period are 12 for Checkers vs 4 for Bears.

3rd period


0:01 of 3rd period - Brett Sutter wins face-off versus Michael Bournival in neutral zone.
0:09 of 3rd period - Wrist shot by Justin Florek.
0:09 of 3rd period - Shot Misses the Net.
0:37 of 3rd period - Adam Cracknell is hit by Justin Florek.
0:47 of 3rd period - Snap shot by Adam Cracknell.
0:47 of 3rd period - Stopped by FARM GOALIE11 with a rebound.
0:59 of 3rd period - Tomas Vincour is hit by David Dziurzynski and loses puck.
1:06 of 3rd period - Snap shot by Tyler Brown.
1:06 of 3rd period - Shot Misses the Net.
1:08 of 3rd period - Snap shot by Chris Bruton.
1:08 of 3rd period - Deflect By Tyler Brown.
1:08 of 3rd period - Shot Misses the Net.
1:08 of 3rd period - Puck is out of play.
1:09 of 3rd period - Greg Miller wins face-off versus Jim O'Brien in Checkers zone.
1:10 of 3rd period - Wrist shot by Brad Mills.
1:10 of 3rd period - Stopped by Drew MacIntyre with a rebound.
1:21 of 3rd period - Brandon Mashinter beats up Greg Miller.
1:21 of 3rd period - Penalty to Greg Miller for Fighting.
1:21 of 3rd period - Greg Miller is ejected from game.
1:21 of 3rd period - Penalty to Brandon Mashinter for Fighting.
1:22 of 3rd period - Jason Chimera wins face-off versus Brett Sutter in Bears zone.
1:23 of 3rd period - Snap shot by Andrew Gordon.
1:23 of 3rd period - Stopped by FARM GOALIE11 with a rebound.
1:25 of 3rd period - Snap shot by Jason Chimera.
1:25 of 3rd period - Goal by Jason Chimera - Checkers : 8 - Bears : 1.
1:25 of 3rd period - FARM GOALIE1 enters game.
1:26 of 3rd period - Jason Chimera wins face-off versus Brett Sutter in neutral zone.
2:05 of 3rd period - Jeremy Langlois is hit by Tomas Vincour and loses puck.
2:35 of 3rd period - Slapshot by David Dziurzynski.
2:35 of 3rd period - Shot Misses the Net.
2:37 of 3rd period - Slapshot by Ben Youds.
2:37 of 3rd period - Stopped by Drew MacIntyre with a rebound.
2:45 of 3rd period - Snap shot by David Dziurzynski.
2:45 of 3rd period - Stopped by Drew MacIntyre with a rebound.
3:03 of 3rd period - Slapshot by Brad Mills.
3:03 of 3rd period - Deflect By Andreas Athanasiou.
3:03 of 3rd period - Stopped by Drew MacIntyre with a rebound.
3:15 of 3rd period - Snap shot by Brad Mills.
3:15 of 3rd period - Shot Blocked by Sean Backman.
3:17 of 3rd period - Snap shot by Brad Mills.
3:17 of 3rd period - Stopped by Drew MacIntyre with a rebound.
3:19 of 3rd period - Snap shot by Ludwig Bystrom.
3:19 of 3rd period - Shot Misses the Net.
3:21 of 3rd period - Slapshot by Brett Sutter.
3:21 of 3rd period - Shot Misses the Net.
3:43 of 3rd period - Backhand shot by Andreas Athanasiou.
3:43 of 3rd period - Shot Misses the Net.
3:44 of 3rd period - Ludwig Bystrom beats up Benjamin Dieude-Fauvel.
3:44 of 3rd period - Penalty to Ludwig Bystrom for Fighting.
3:44 of 3rd period - Penalty to Benjamin Dieude-Fauvel for Fighting.
3:45 of 3rd period - Tyler Brown wins face-off versus Jason Chimera in Checkers zone.
3:46 of 3rd period - Snap shot by David Dziurzynski.
3:46 of 3rd period - Stopped by Drew MacIntyre with a rebound.
4:08 of 3rd period - Tyler Brown is hit by Jason Chimera and loses puck.
4:21 of 3rd period - Snap shot by Jason Chimera.
4:21 of 3rd period - Goal by Jason Chimera - Checkers : 9 - Bears : 1.
4:22 of 3rd period - Brett Sutter wins face-off versus Wacey Hamilton in neutral zone.
4:45 of 3rd period - Jeremy Langlois is hit by Darian Dziurzynski and loses puck.
5:34 of 3rd period - Maxim Noreau is hit by Andrew Gordon and loses puck.
6:20 of 3rd period - Minor Penalty to Brad Mills for Hooking.
6:21 of 3rd period - Penalty to Greg Miller is over, Jeremy Langlois is send on ice.
6:21 of 3rd period - Jason Chimera wins face-off versus Justin Florek in Bears zone.
7:03 of 3rd period - Kyle Cumiskey is hit by Adam Cracknell and loses puck.
7:17 of 3rd period - Off-side.
7:18 of 3rd period - Justin Florek wins face-off versus Michael Bournival in neutral zone.
7:39 of 3rd period - Adam Cracknell is hit by Justin Florek and loses puck.
7:48 of 3rd period - Slapshot by Adam Cracknell.
7:48 of 3rd period - Goal by Adam Cracknell - Checkers : 10 - Bears : 1.
7:49 of 3rd period - Tyler Brown wins face-off versus Wacey Hamilton in neutral zone.
7:58 of 3rd period - Wrist shot by Tyler Brown.
7:58 of 3rd period - Shot Misses the Net.
8:00 of 3rd period - Snap shot by Matt Pelech.
8:00 of 3rd period - Stopped by Drew MacIntyre with a rebound.
8:02 of 3rd period - Slapshot by Steve Oleksy.
8:02 of 3rd period - Deflect By Peter Harrold.
8:02 of 3rd period - Stopped by Drew MacIntyre with a rebound.
8:04 of 3rd period - Snap shot by Maxim Noreau.
8:04 of 3rd period - Shot Misses the Net.
8:18 of 3rd period - Wrist shot by Tyler Brown.
8:18 of 3rd period - Stopped by Drew MacIntyre with a rebound.
8:45 of 3rd period - Andreas Athanasiou beats up Brandon Mashinter.
8:45 of 3rd period - Penalty to Andreas Athanasiou for Fighting.
8:45 of 3rd period - Penalty to Brandon Mashinter for Fighting.
8:46 of 3rd period - Chris Bruton wins face-off versus Michael Bournival in Bears zone.
8:48 of 3rd period - Minor Penalty to Brad Mills for Boarding.
8:49 of 3rd period - Justin Florek wins face-off versus Michael Bournival in Bears zone.
9:44 of 3rd period - Snap shot by Andrew Gordon.
9:44 of 3rd period - Stopped by FARM GOALIE1 with a rebound.
10:06 of 3rd period - Wrist shot by Peter Harrold.
10:06 of 3rd period - Shot Misses the Net.
10:12 of 3rd period - Petteri Lindbohm is hit by David Dziurzynski and loses puck.
10:19 of 3rd period - Snap shot by David Dziurzynski.
10:19 of 3rd period - Shot Misses the Net.
10:21 of 3rd period - Wrist shot by Jeremy Langlois.
10:21 of 3rd period - Stopped by Drew MacIntyre without a rebound.
10:22 of 3rd period - Justin Florek wins face-off versus Michael Bournival in Checkers zone.
10:40 of 3rd period - Snap shot by Brett Sutter.
10:40 of 3rd period - Shot Misses the Net.
10:48 of 3rd period - Penalty to Brad Mills is over, Brad Mills is back on ice.
10:49 of 3rd period - Off-side.
10:50 of 3rd period - Tyler Brown wins face-off versus Sean Backman in neutral zone.
11:02 of 3rd period - Matt Pelech beats up Benjamin Dieude-Fauvel.
11:02 of 3rd period - Penalty to Matt Pelech for Fighting.
11:02 of 3rd period - Matt Pelech is ejected from game.
11:02 of 3rd period - Penalty to Benjamin Dieude-Fauvel for Fighting.
11:02 of 3rd period - Benjamin Dieude-Fauvel is ejected from game.
11:03 of 3rd period - Jim O'Brien wins face-off versus Tyler Brown in Bears zone.
11:06 of 3rd period - Snap shot by Jim O'Brien.
11:06 of 3rd period - Stopped by FARM GOALIE1 with a rebound.
11:08 of 3rd period - Snap shot by Peter Harrold.
11:08 of 3rd period - Stopped by FARM GOALIE1 with a rebound.
11:24 of 3rd period - Snap shot by Jason Chimera.
11:24 of 3rd period - Shot Misses the Net.
11:26 of 3rd period - Wrist shot by Jason Chimera.
11:26 of 3rd period - Shot Misses the Net.
11:28 of 3rd period - Slapshot by Petteri Lindbohm.
11:28 of 3rd period - Shot Misses the Net.
11:30 of 3rd period - Wrist shot by Peter Harrold.
11:30 of 3rd period - Stopped by FARM GOALIE1 with a rebound.
11:32 of 3rd period - Wrist shot by Jason Chimera.
11:32 of 3rd period - Shot Blocked by Maxim Noreau.
11:42 of 3rd period - Wrist shot by Petteri Lindbohm.
11:42 of 3rd period - Shot Blocked by Maxim Noreau.
11:44 of 3rd period - Slapshot by Petteri Lindbohm.
11:44 of 3rd period - Stopped by FARM GOALIE1 with a rebound.
11:46 of 3rd period - Wrist shot by Willie Coetzee.
11:46 of 3rd period - Stopped by FARM GOALIE1 with a rebound.
11:48 of 3rd period - Snap shot by Wacey Hamilton.
11:48 of 3rd period - Shot Blocked by Maxim Noreau.
11:50 of 3rd period - Slapshot by Peter Harrold.
11:50 of 3rd period - Deflect By Willie Coetzee.
11:50 of 3rd period - Shot Misses the Net.
11:50 of 3rd period - Puck is out of play.
11:51 of 3rd period - Wacey Hamilton wins face-off versus Brett Sutter in Bears zone.
11:52 of 3rd period - Snap shot by Willie Coetzee.
11:52 of 3rd period - Shot Blocked by Brandon Burlon.
13:48 of 3rd period - Ludwig Bystrom is hit by Tomas Vincour and loses puck.
14:15 of 3rd period - Slapshot by Petteri Lindbohm.
14:15 of 3rd period - Stopped by FARM GOALIE1 with a rebound.
14:17 of 3rd period - Snap shot by Willie Coetzee.
14:17 of 3rd period - Shot Misses the Net.
14:42 of 3rd period - Snap shot by Jim O'Brien.
14:42 of 3rd period - Shot Misses the Net.
14:44 of 3rd period - Snap shot by Brandon Mashinter.
14:44 of 3rd period - Deflect By Jim O'Brien.
14:44 of 3rd period - Shot Blocked by Jesse Root.
14:44 of 3rd period - Puck is out of play.
14:45 of 3rd period - Jim O'Brien wins face-off versus Chris Bruton in Bears zone.
14:52 of 3rd period - Slapshot by Jim O'Brien.
14:52 of 3rd period - Deflect By Sean Backman.
14:52 of 3rd period - Stopped by FARM GOALIE1 with a rebound.
14:55 of 3rd period - Brandon Mashinter beats up Brandon Burlon.
14:55 of 3rd period - Penalty to Brandon Burlon for Fighting.
14:55 of 3rd period - Penalty to Brandon Mashinter for Fighting.
14:55 of 3rd period - Brandon Mashinter is ejected from game.
14:55 of 3rd period - Penalty to Brandon Burlon for instigated a fight.
14:55 of 3rd period - Penalty to Brandon Burlon for instigated a fight.
14:56 of 3rd period - Justin Florek wins face-off versus Michael Bournival in Bears zone.
15:42 of 3rd period - Tomas Vincour is hit by Jeremy Langlois and loses puck.
15:59 of 3rd period - Slapshot by Jeremy Langlois.
15:59 of 3rd period - Stopped by Drew MacIntyre with a rebound.
16:02 of 3rd period - Penalty to Matt Pelech is over, Andreas Athanasiou is send on ice.
16:07 of 3rd period - Snap shot by Andreas Athanasiou.
16:07 of 3rd period - Stopped by Drew MacIntyre without a rebound.
16:08 of 3rd period - Jason Chimera wins face-off versus Justin Florek in Checkers zone.
16:17 of 3rd period - Wrist shot by Jason Chimera.
16:17 of 3rd period - Shot Misses the Net.
16:19 of 3rd period - Slapshot by Peter Harrold.
16:19 of 3rd period - Shot Blocked by Ben Youds.
16:55 of 3rd period - Penalty to Brandon Burlon is over, Brad Mills is send on ice.
17:03 of 3rd period - Julien Brouillette is hit by Maxim Noreau and loses puck.
17:47 of 3rd period - Snap shot by Willie Coetzee.
17:47 of 3rd period - Stopped by FARM GOALIE1 with a rebound.
17:53 of 3rd period - Peter Harrold is hit by Steve Oleksy and loses puck.
18:55 of 3rd period - Steve Oleksy is hit by Michael Sdao and loses puck.
19:19 of 3rd period - Wacey Hamilton is hit by Steve Oleksy and loses puck.
Goals for this period are 3 for Checkers vs 0 for Bears.
Shots for this period are 14 for Checkers vs 12 for Bears.